 Dungeon Crawl Stone Soup version 0.29.0-4-gdea44cf6ec (webtiles) character file.

Game seed: 5826967622934469090

52929 qw the Peltast (level 14, -1/129 HPs)
             Began as a Minotaur Berserker on Sept 8, 2022.
             Was an Elder of Trog.
             Slain by Sonja
             ... wielding a +1 dagger of distortion
              (3 damage)
             ... on level 5 of the Lair of Beasts.
             The game lasted 00:06:17 (19946 turns).

qw the Peltast (Minotaur Berserker)                Turns: 19946, Time: 00:06:18

Health: -1/129     AC: 28    Str: 25    XL:     14   Next: 29%
Magic:  10/10      EV:  7    Int:  2    God:    Trog [****..]
Gold:   809        SH: 24    Dex: 12    Spells: 13/13 levels left

rFire   + . .      SeeInvis .   Y - +2 war axe
rCold   . . .      Faith    .   u - +0 tower shield
rNeg    . . .      Spirit   .   c - +2 plate armour {Will+}
rPois   +          Reflect  +   (helmet restricted)
rElec   .          Harm     .   l - +2 cloak
rCorr   .          Rampage  .   i - +2 pair of gloves
Will    ++...      Rage     9%  j - +2 pair of boots
Stlth   .......... Rnd*Tele +   a - amulet of reflection
HPRegen 0.31/turn               n - ring of poison resistance
MPRegen 0.12/turn               t - ring of protection from fire

@: on berserk cooldown, slowed, unable to read, very slow
A: horns 2, retaliatory headbutt, dopey 1, [berserk 2], [low MP 2], [screaming
2], [teleportitis 2], [inability to read after injury 2]
a: Renounce Religion, Berserk, Trog's Hand, Brothers in Arms


You were on level 5 of the Lair of Beasts.
You worshipped Trog.
Trog was greatly pleased with you.
You visited 2 branches of the dungeon, and saw 16 of its levels.
You visited the Abyss 2 times.

You collected 1069 gold pieces.
You spent 260 gold pieces at shops.


Innate Abilities, Weirdness & Mutations

You have a pair of horns on your head.
You reflexively headbutt those who attack you in melee.
You are dopey. (Int -2)
[You have an uncontrollable temper.]
[Your magical capacity is very low. (-20% MP)]
[You frequently scream uncontrollably at your foes.]
[You are often teleported next to monsters.]
[You sometimes lose the ability to read scrolls when taking damage.]


   Skills:
 - Level 13.0 Fighting
 - Level 16.1 Axes
 - Level 5.0 Throwing
 - Level 12.0 Armour
 - Level 5.0 Dodging
 + Level 17.5 Shields


You had 13 spell levels left.
You didn't know any spells.
Your spell library was empty.

Inventory:

Hand Weapons
 g - a +1 demon whip of venom
 Y - a +2 war axe (weapon)
Missiles
 e - 13 boomerangs (quivered)
Armour
 c - a +2 plate armour of willpower (worn)
 i - a +2 pair of gloves (worn)
 j - a +2 pair of boots (worn)
 l - a +2 cloak (worn)
 u - a +0 tower shield (worn)
Jewellery
 a - an amulet of reflection (around neck)
 b - a ring of protection from cold
 n - a ring of poison resistance (left hand)
 t - a ring of protection from fire (right hand)
 w - a ring of fire
 A - a ring of resist corrosion
Scrolls
 o - a scroll of identify
 p - a scroll of teleportation
Potions
 d - 2 potions of curing
 k - a potion of mutation
 m - 5 potions of cancellation
 q - a potion of resistance
 s - a potion of berserk rage {unknown}
 x - a potion of haste {unknown}

Dungeon Overview and Level Annotations

Branches:
Dungeon (11/15)            Temple (0/1) D:6            Lair (5/5) D:11
  Swamp (0/4) Lair:2       Spider (0/4) Lair:3        Slime (0/5) Lair:4
    Orc (0/2) D:9

Altars:
Ashenzari
Cheibriados
Dithmenos
Elyvilon
Fedhas
Gozag
Hepliaklqana
Nemelex Xobeh
Qazlal
Sif Muna
Trog
Uskayaw
Xom
Zin
The Shining One

Shops:
D:6 [

Annotations:
D:6 2 runed translucent doors, Crazy Yiuf; qw's ghost, novice MiBe
D:9 3 runed translucent doors, qw's ghost, journeyman GrBe; qw's ghost, novice DsCA; qw's ghost, novice FoCA; qw's ghost, novice MiBe
Lair:5 Sonja


Message History

The starcursed mass is almost destroyed.
You slice the large abomination!! You barely miss the chaos spawn.
The substance of the Abyss twists violently, and a gateway leading out appears!
You block the chaos spawn's attack.
The starcursed mass shrieks in your mind.
The chaos spawn gores you!
You feel threatened and lose the ability to read scrolls!
The starcursed mass shrieks in your mind.
The large abomination closely misses you.
You furiously retaliate!
You headbutt the large abomination.
You destroy the large abomination!
Trog accepts your kill. You block the chaos spawn's attack.
A starcursed mass splits.
You pass through the gate.
Welcome back to the Lair of Beasts!
Level annotation: Sonja You block Sonja's attack.
Sonja hits you but does no damage. x2
You resist the pull of the Abyss. You block Sonja's attack.
Sonja completely misses you. Sonja hits you but does no damage.
Space warps horribly around you!
19944 ||| DRINKING potion of heal wounds.
You feel much better. You block Sonja's attack.
Sonja hits you but does no damage. You block Sonja's attack.
The chaos spawn gores you! The chaos spawn shocks you!
The starcursed mass touches you! A chorus of shrieks assaults your mind.
Sonja says, "Someone hired me to kill you, but I'm not supposed to say who."
Sonja hits you but does no damage.
You blink.
Sonja gestures wildly while chanting.
Sonja blinks!
A chorus of shrieks assaults your mind.
You hit the starcursed mass but do no damage.
You headbutt the starcursed mass, but do no damage.
The starcursed mass is severely damaged.
You miss Sonja. You closely miss the chaos spawn. You block Sonja's attack. x3
The chaos spawn hits you but does no damage.
A starcursed mass splits.
Sonja hits you but does no damage.
Sonja hits you with a +1 dagger of distortion.
You die...

... .... ...#. 7
77777. ..#.# 7.
777...... ....#.
77.7 77.......(
......
7...77(.%......
......
7.(........... .....
##....@K...... .....
###.X4.#...(P
.....##. #(....#####
...##.# ##....###.#
...##..
##..XX#....###..#...
#.....#.....#....#P.
##...## ........##..
#...# ....PP..####
##..#### ##...####


You could see 3 starcursed masses, a chaos spawn and Sonja.

Vanquished Creatures
  A cacodemon (Abyss:2)
  A yaktaur captain (D:11)
  2 hydras
  2 boulder beetles
  A catoblepas (Lair:1)
  3 two-headed ogres (D:11)
  A centaur warrior (D:11)
  4 death yaks
  Urug (Lair:2)
  A deep elf knight (D:11)
  2 wretched stars (Abyss:2)
  A sixfirhy (Abyss:2)
  A bog body (Lair:2)
  A lindwurm (Lair:4)
  An ugly thing (D:11)
  A manticore (D:11)
  A worldbinder (Abyss:2)
  2 cyclopes
  A moth of wrath (Lair:4)
  A black mamba (Lair:1)
  19 elephants
  A gargoyle (D:11)
  A torpor snail (Lair:1)
  3 smoke demons (Abyss:2)
  2 large abominations (Abyss:2)
  13 cane toads
  Maggie (D:9)
  3 kobold demonologists
  An orange demon (Abyss:2)
  An unseen horror (Abyss:2)
  3 rime drakes
  6 komodo dragons
  An ice devil (Abyss:2)
  2 trolls (D:11)
  2 polar bears (D:8)
  A tyrant leech (Lair:4)
  Grinder (D:5)
  10 blink frogs (Lair:3)
  5 dream sheep (Lair:5)
  A wraith (D:11)
  A shadow (Abyss:2)
  5 wyverns
  A ynoxinul (Abyss:2)
  41 yaks
  2 basilisks
  2 chaos spawn (Abyss:2)
  A steam dragon (D:9)
  2 small abominations (Abyss:2)
  Menkaure (D:5)
  Edmund (D:6)
  12 water moccasins
  2 acid dragons
  6 swamp worms
  7 orc warriors
  2 ice beasts
  5 black bears
  An ogre (D:6)
  2 wolves (D:8)
  3 centaurs
  2 kobold brigands (D:9)
  13 bullfrogs
  4 scorpions
  4 wights (D:10)
  3 electric eels
  2 howler monkeys (D:10)
  5 starcursed masses (Abyss:2)
  A quasit (Abyss:2)
  A jelly (D:5)
  2 gnoll boudas
  7 orc priests
  5 hounds
  2 iron imps (Abyss:2)
  3 hell rats (Lair:4)
  4 iguanas
  11 orc wizards
  A centaur simulacrum (D:8)
  6 gnolls
  8 adders
  A shadow imp (D:5)
  7 white imps
  An ufetubus (D:8)
  2 worms (Lair:3)
  A dart slug (D:1)
  32 orcs
  3 ball pythons
  5 endoplasms
  5 giant cockroaches
  4 goblins
  6 hobgoblins
  3 quokkas
  3 bats
  A frilled lizard (D:1)
  12 kobolds
  7 rats
  A butterfly (Lair:2)
381 creatures vanquished.

Vanquished Creatures (collateral kills)
  2 hydras
  An elephant (Lair:5)
  A tyrant leech (Lair:4)
  A basilisk (Lair:3)
  A bullfrog (Lair:4)
  2 scorpions (Lair:3)
  3 hell rats (Lair:4)
  A worm (Lair:3)
12 creatures vanquished.

Vanquished Creatures (others)
  A gnoll (D:8)
  A white imp (D:8)
  46 fungi
  62 plants
  2 withered plants (D:6)
112 creatures vanquished.

Grand Total: 505 creatures vanquished

Notes
Turn   | Place    | Note
-------+----------+-------------------------------------------
     0 | D:1      | qw the Minotaur Berserker began the quest for the Orb.
     0 | D:1      | Reached XP level 1. HP: 19/19 MP: 0/0
     0 | D:1      | 0 ||| qw: Version: 0.1-a-112-g44dc6cd
     0 | D:1      | 0 ||| qw: Game counter: 6837
     0 | D:1      | 0 ||| qw: Always use a shield: true
     0 | D:1      | 0 ||| qw: Do Orc after D:15 true
     0 | D:1      | 0 ||| qw: Do second Lair branch before Depths: true
     0 | D:1      | 0 ||| qw: Lair rune preference: random
     0 | D:1      | 0 ||| qw: Plans: Normal
     0 | D:1      | 0 ||| PLANNING D:1-11
   211 | D:1      | 211 ||| Stepping ~*~*~tactically~*~*~ (stealth).
   352 | D:1      | Reached XP level 2. HP: 14/26 MP: 1/1
   706 | D:1      | Found a faded altar of an unknown god.
   707 | D:1      | 707 ||| Stepping ~*~*~tactically~*~*~ (hiding).
   708 | D:1      | 708 ||| Stepping ~*~*~tactically~*~*~ (hiding).
  1422 | D:1      | 1422 ||| UPGRADING to +0 buckler.
  1427 | D:1      | 1427 ||| READING scroll labelled HEXICE VOIDU.
  1428 | D:1      | 1428 ||| DRINKING 3 green potions.
  1465 | D:1      | 1465 ||| DRINKING 2 emerald potions.
  1466 | D:1      | 1466 ||| DROPPING 2 potions of lignification.
  1602 | D:2      | 1602 ||| Stepping ~*~*~tactically~*~*~ (stealth).
  1605 | D:2      | 1605 ||| DROPPING +0 club.
  1852 | D:2      | Reached skill level 1 in Shields
  1852 | D:2      | Reached XP level 3. HP: 28/31 MP: 2/2
  1892 | D:2      | Found a glowing silver altar of Zin.
  1916 | D:2      | Reached ** piety under Trog
  1973 | D:2      | 1973 ||| Stepping ~*~*~tactically~*~*~ (stealth).
  1974 | D:2      | 1974 ||| Stepping ~*~*~tactically~*~*~ (stealth).
  1975 | D:2      | 1975 ||| Stepping ~*~*~tactically~*~*~ (stealth).
  1977 | D:2      | 1977 ||| Stepping ~*~*~tactically~*~*~ (stealth).
  2187 | D:2      | 2187 ||| UPGRADING to +0 leather armour.
  2197 | D:2      | 2197 ||| DROPPING +0 animal skin.
  2198 | D:2      | 2198 ||| UPGRADING to +0 pair of gloves.
  2203 | D:2      | 2203 ||| UPGRADING to +0 ring mail.
  2213 | D:2      | 2213 ||| DROPPING +0 leather armour.
  2214 | D:2      | 2214 ||| READING scroll labelled LETOAKOIKHLE.
  2351 | D:2      | 2351 ||| READING scroll labelled XEAMIMESHRO.
  2352 | D:2      | 2352 ||| READING scroll labelled HAPIHI YJURUCOSU.
  2599 | D:3      | 2599 ||| Stepping ~*~*~tactically~*~*~ (stealth).
  2600 | D:3      | 2600 ||| Stepping ~*~*~tactically~*~*~ (stealth).
  2606 | D:3      | 2606 ||| Stepping ~*~*~tactically~*~*~ (stealth).
  2607 | D:3      | 2607 ||| SWAPPING to +0 war axe.
  2608 | D:3      | 2608 ||| DROPPING +0 hand axe.
  2609 | D:3      | 2609 ||| Stepping ~*~*~tactically~*~*~ (stealth).
  2611 | D:3      | 2611 ||| Stepping ~*~*~tactically~*~*~ (stealth).
  2663 | D:3      | 2663 ||| Stepping ~*~*~tactically~*~*~ (stealth).
  2680 | D:3      | 2680 ||| Stepping ~*~*~tactically~*~*~ (stealth).
  2688 | D:3      | Reached skill level 6 in Axes
  2688 | D:3      | Reached XP level 4. HP: 29/39 MP: 3/3
  2699 | D:3      | 2699 ||| Stepping ~*~*~tactically~*~*~ (stealth).
  2700 | D:3      | 2700 ||| Stepping ~*~*~tactically~*~*~ (stealth).
  2727 | D:3      | 2727 ||| Stepping ~*~*~tactically~*~*~ (stealth).
  2766 | D:3      | 2766 ||| DROPPING +0 whip.
  2962 | D:3      | 2962 ||| UPGRADING to amulet of reflection.
  2967 | D:3      | 2967 ||| READING 2 scrolls labelled TIRO TYUHI.
  2972 | D:3      | 2972 ||| READING 2 scrolls labelled RUNUUQ TEUPP.
  2973 | D:3      | 2973 ||| READING scroll labelled WUNADI ZEOTET.
  2974 | D:3      | 2974 ||| READING scroll labelled UHEYDOCLOCHAC.
  2975 | D:3      | 2975 ||| DROPPING scroll of blinking.
  2987 | D:4      | Noticed a scorpion
  2990 | D:4      | Killed a scorpion
  2991 | D:4      | Reached skill level 3 in Shields
  2991 | D:4      | Reached XP level 5. HP: 45/45 MP: 4/4
  3024 | D:4      | 3024 ||| Stepping ~*~*~tactically~*~*~ (stealth).
  3082 | D:4      | 3082 ||| Stepping ~*~*~tactically~*~*~ (stealth).
  3085 | D:4      | 3085 ||| Stepping ~*~*~tactically~*~*~ (stealth).
  3117 | D:4      | Noticed a black bear
  3122 | D:4      | 3122 ||| INVOKING Berserk.
  3123 | D:4      | 3123 ||| INVOKING Berserk.
  3124 | D:4      | Reached skill level 1 in Throwing
  3124 | D:4      | Reached XP level 6. HP: 51/51 MP: 5/5
  3388 | D:4      | 3388 ||| INVOKING Berserk.
  3745 | D:4      | 3745 ||| UPGRADING to +1 pair of boots.
  3750 | D:4      | 3750 ||| READING scroll labelled OBBIWU PAESU.
  3751 | D:4      | 3751 ||| DRINKING 2 smoky black potions.
  3752 | D:4      | 3752 ||| READING 2 scrolls of teleportation.
  3772 | D:5      | Entered Level 5 of the Dungeon
  3778 | D:5      | Reached XP level 7. HP: 60/60 MP: 6/6
  3835 | D:5      | 3835 ||| INVOKING Berserk.
  3972 | D:5      | 3972 ||| Stepping ~*~*~tactically~*~*~ (stealth).
  3974 | D:5      | Found a glowing golden altar of the Shining One.
  3977 | D:5      | 3977 ||| Stepping ~*~*~tactically~*~*~ (stealth).
  4150 | D:5      | 4150 ||| Stepping ~*~*~tactically~*~*~ (stealth).
  4152 | D:5      | 4152 ||| Stepping ~*~*~tactically~*~*~ (stealth).
  4164 | D:5      | 4164 ||| INVOKING Berserk.
  4167 | D:5      | Reached skill level 9 in Axes
  4366 | D:5      | Noticed Grinder
  4366 | D:5      | Paralysed by Grinder for 3 turns
  4369 | D:5      | 4369 ||| INVOKING Trog's Hand.
  4371 | D:5      | 4371 ||| INVOKING Berserk.
  4376 | D:5      | Killed Grinder
  4619 | D:5      | 4619 ||| Stepping ~*~*~tactically~*~*~ (hiding).
  4620 | D:5      | 4620 ||| Stepping ~*~*~tactically~*~*~ (hiding).
  4761 | D:5      | Found a faded altar of an unknown god.
  4761 | D:5      | Found a stormy altar of Qazlal.
  4775 | D:5      | Reached XP level 8. HP: 68/69 MP: 7/7
  4779 | D:5      | Found a broken altar of Ashenzari.
  4780 | D:5      | Noticed Menkaure
  4781 | D:5      | 4781 ||| Stepping ~*~*~tactically~*~*~ (hiding).
  4782 | D:5      | 4782 ||| Stepping ~*~*~tactically~*~*~ (hiding).
  4786 | D:5      | 4786 ||| INVOKING Berserk.
  4791 | D:5      | Killed Menkaure
  4792 | D:5      | Reached skill level 6 in Fighting
  4979 | D:5      | Found a hide-covered altar of Uskayaw.
  4981 | D:5      | Found a white marble altar of Elyvilon.
  5093 | D:5      | 5093 ||| UPGRADING to +0 chain mail.
  5103 | D:5      | 5103 ||| DROPPING +0 ring mail.
  5104 | D:5      | 5104 ||| DROPPING scarf of invisibility.
  5105 | D:5      | 5105 ||| READING scroll labelled HYSISHRA DEIL.
  5106 | D:5      | 5106 ||| READING scroll labelled LAKEBI QIEZ.
  5107 | D:5      | 5107 ||| DRINKING 2 cyan potions.
  5161 | D:6      | Found a staircase to the Ecumenical Temple.
  5189 | D:6      | 5189 ||| Stepping ~*~*~tactically~*~*~ (stealth).
  5190 | D:6      | 5190 ||| INVOKING Berserk.
  5192 | D:6      | Reached skill level 3 in Armour
  5201 | D:6      | Found Simicach's Antique Armour Shoppe.
  5345 | D:6      | 5345 ||| BUYING cloak (130 gold).
  5345 | D:6      | Bought a cloak for 130 gold pieces
  5345 | D:6      | 5345 ||| SHOPLISTING plate armour (667 gold, have 177).
  5345 | D:6      | 5345 ||| BUYING tower shield (130 gold).
  5345 | D:6      | Bought a tower shield for 130 gold pieces
  5504 | D:6      | Noticed Edmund
  5505 | D:6      | 5505 ||| INVOKING Berserk.
  5512 | D:6      | Killed Edmund
  5635 | D:6      | 5635 ||| DROPPING +0 flail.
  5639 | D:6      | Found a runed translucent door.
  5640 | D:6      | Noticed qw's ghost (novice MiBe)
  5951 | D:6      | 5951 ||| DROPPING +1 flail of draining.
  6123 | D:6      | Reached skill level 4 in Shields
  6140 | D:6      | Found a runed translucent door.
  6141 | D:6      | Noticed Crazy Yiuf
  6243 | D:6      | 6243 ||| UPGRADING to +0 cloak.
  6248 | D:6      | 6248 ||| UPGRADING to +0 tower shield.
  6258 | D:6      | 6258 ||| DROPPING +0 buckler.
  6259 | D:6      | 6259 ||| UPGRADING to +2 scale mail of cold resistance.
  6269 | D:6      | 6269 ||| DROPPING +0 chain mail.
  6270 | D:6      | 6270 ||| UPGRADING to +0 plate armour.
  6280 | D:6      | 6280 ||| DROPPING +2 scale mail of cold resistance.
  6281 | D:6      | 6281 ||| READING 2 scrolls of identify.
  6281 | D:6      | 6281 ||| IDENTIFYING fizzy orange potion
  6282 | D:6      | 6282 ||| DROPPING potion of invisibility.
  6305 | D:7      | 6305 ||| STAIRDANCE
  6352 | D:7      | 6352 ||| STAIRDANCE
  6354 | D:6      | 6354 ||| INVOKING Berserk.
  6359 | D:6      | Reached skill level 5 in Shields
  6500 | D:7      | You fall into a shaft and drop 3 floors!
  6500 | D:10     | Entered Level 10 of the Dungeon
  6521 | D:10     | 6521 ||| Stepping ~*~*~tactically~*~*~ (stealth).
  6527 | D:10     | Reached skill level 6 in Shields
  6531 | D:10     | Noticed a kobold demonologist
  6534 | D:10     | 6534 ||| INVOKING Berserk.
  6536 | D:10     | Reached XP level 9. HP: 50/76 MP: 8/8
  6540 | D:10     | Killed a kobold demonologist
  6541 | D:10     | Reached skill level 7 in Shields
  6748 | D:10     | Reached skill level 8 in Shields
  6757 | D:10     | Reached skill level 9 in Shields
  6920 | D:10     | Found a blossoming altar of Fedhas.
  6965 | D:10     | 6965 ||| READING scroll labelled SINIHU CUWNU.
  6992 | D:9      | Found a snail-covered altar of Cheibriados.
  7041 | D:9      | Noticed a kobold demonologist
  7046 | D:9      | Noticed a sixfirhy
  7052 | D:9      | Noticed a rust devil
  7052 | D:9      | Gained mutation: You are dopey. (Int -2) [a neqoxec]
  7053 | D:9      | 7053 ||| INVOKING Berserk.
  7055 | D:9      | Noticed an orange demon
  7058 | D:9      | HP: 25/115 [orange demon[a kobold demonologist] (8)]
  7060 | D:9      | Killed a kobold demonologist
  7061 | D:9      | Reached skill level 10 in Shields
  7063 | D:9      | HP: 12/115 [poisoned by an orange demon]
  7065 | D:9      | 7065 ||| DRINKING 2 potions of curing.
  7065 | D:9      | 7065 ||| (to cure poison)
  7348 | D:8      | Noticed a polar bear
  7349 | D:8      | 7349 ||| Stepping ~*~*~tactically~*~*~ (hiding).
  7350 | D:8      | 7350 ||| Stepping ~*~*~tactically~*~*~ (hiding).
  7351 | D:8      | 7351 ||| Stepping ~*~*~tactically~*~*~ (hiding).
  7352 | D:8      | 7352 ||| Stepping ~*~*~tactically~*~*~ (hiding).
  7353 | D:8      | 7353 ||| Stepping ~*~*~tactically~*~*~ (hiding).
  7354 | D:8      | 7354 ||| INVOKING Berserk.
  7360 | D:8      | Killed a polar bear
  7525 | D:7      | 7525 ||| INVOKING Berserk.
  7529 | D:7      | Reached *** piety under Trog
  7598 | D:7      | Found a hazy altar of Hepliaklqana.
  7617 | D:7      | Found a shadowy altar of Dithmenos.
  7678 | D:7      | 7678 ||| Stepping ~*~*~tactically~*~*~ (stealth).
  7680 | D:7      | 7680 ||| Stepping ~*~*~tactically~*~*~ (hiding).
  7736 | D:7      | Found a shimmering altar of Xom.
  7819 | D:7      | Reached skill level 11 in Shields
  8137 | D:7      | Reached XP level 10. HP: 75/84 MP: 9/9
  8222 | D:7      | 8222 ||| READING scroll of enchant armour.
  8222 | D:7      | 8222 ||| ENCHANTING +0 pair of gloves.
  8330 | D:7      | 8330 ||| DROPPING scarf of shadows.
  8331 | D:7      | 8331 ||| DROPPING amulet of magic regeneration.
  8332 | D:7      | 8332 ||| READING 4 scrolls labelled XETOOM QULA.
  8333 | D:7      | 8333 ||| DROPPING 3 scrolls of fear.
  8349 | D:8      | 8349 ||| STAIRDANCE
  8354 | D:8      | 8354 ||| STAIRDANCE
  8356 | D:7      | 8356 ||| INVOKING Berserk.
  8364 | D:7      | Reached skill level 6 in Armour
  8481 | D:8      | 8481 ||| STAIRDANCE
  8489 | D:8      | 8489 ||| STAIRDANCE
  8498 | D:8      | 8498 ||| INVOKING Berserk.
  8754 | D:8      | Found a bloodstained altar of Trog.
  8800 | D:8      | Found a shimmering blue altar of Sif Muna.
  8812 | D:8      | Identified the amulet of Wemmilupp {Acrobat Dex+2}
  8815 | D:8      | 8815 ||| Stepping ~*~*~tactically~*~*~ (hiding).
  8816 | D:8      | 8816 ||| Stepping ~*~*~tactically~*~*~ (hiding).
  9050 | D:8      | Noticed a death yak
  9052 | D:8      | 9052 ||| INVOKING Berserk.
  9057 | D:8      | Reached skill level 12 in Shields
  9066 | D:8      | Killed a death yak
  9067 | D:8      | Reached skill level 12 in Axes
  9194 | D:8      | 9194 ||| INVOKING Berserk.
  9557 | D:8      | 9557 ||| DROPPING amulet of Wemmilupp {Acrobat Dex+2}.
  9558 | D:8      | 9558 ||| READING 3 scrolls of identify.
  9558 | D:8      | 9558 ||| IDENTIFYING black potion
  9559 | D:8      | 9559 ||| READING 2 scrolls of identify.
  9559 | D:8      | 9559 ||| IDENTIFYING sedimented red potion
  9560 | D:8      | 9560 ||| DROPPING potion of brilliance.
  9561 | D:8      | 9561 ||| DROPPING potion of attraction.
  9643 | D:9      | Found a runed translucent gate.
  9644 | D:9      | Found a runed translucent gate.
  9645 | D:9      | Found a runed translucent gate.
  9646 | D:9      | Noticed qw's ghost (novice DsCA)
  9646 | D:9      | Noticed qw's ghost (novice MiBe)
  9646 | D:9      | Noticed qw's ghost (novice FoCA)
  9646 | D:9      | Noticed qw's ghost (journeyman GrBe)
  9705 | D:9      | Noticed Maggie
  9709 | D:9      | 9709 ||| INVOKING Berserk.
  9722 | D:9      | Killed Maggie
  9941 | D:9      | 9941 ||| Stepping ~*~*~tactically~*~*~ (hiding).
  9943 | D:9      | 9943 ||| INVOKING Berserk.
  9972 | D:9      | Reached **** piety under Trog
 10056 | D:9      | Found a staircase to the Orcish Mines.
 10120 | D:9      | Reached XP level 11. HP: 58/92 MP: 10/10
 10290 | D:9      | 10290 ||| INVOKING Berserk.
 10473 | D:9      | 10473 ||| Stepping ~*~*~tactically~*~*~ (hiding).
 10557 | D:9      | 10557 ||| INVOKING Berserk.
 10756 | D:9      | 10756 ||| DROPPING scarf of invisibility.
 10757 | D:9      | 10757 ||| UPGRADING to +2 plate armour of willpower.
 10767 | D:9      | 10767 ||| DROPPING +0 plate armour.
 10768 | D:9      | 10768 ||| UPGRADING to ring of protection from cold.
 10769 | D:9      | 10769 ||| READING 2 scrolls of identify.
 10769 | D:9      | 10769 ||| IDENTIFYING viscous silvery potion
 10770 | D:9      | 10770 ||| DROPPING potion of degeneration.
 10805 | D:10     | 10805 ||| INVOKING Berserk.
 10947 | D:10     | Found an opulent altar of Gozag.
 11050 | D:10     | Found a sparkling altar of Nemelex Xobeh.
 11333 | D:10     | 11333 ||| UPGRADING to ring of resist corrosion.
 11346 | D:11     | 11346 ||| STAIRDANCE
 11353 | D:10     | Reached skill level 13 in Shields
 11355 | D:11     | 11355 ||| STAIRDANCE
 11415 | D:11     | 11415 ||| INVOKING Berserk.
 11420 | D:11     | Noticed a white ugly thing
 11432 | D:11     | Killed a white ugly thing
 11568 | D:11     | 11568 ||| READING 3 scrolls of enchant armour.
 11568 | D:11     | 11568 ||| ENCHANTING +1 pair of gloves.
 11569 | D:11     | 11569 ||| READING 2 scrolls of enchant armour.
 11569 | D:11     | 11569 ||| ENCHANTING +1 pair of boots.
 11570 | D:11     | 11570 ||| READING scroll of enchant armour.
 11570 | D:11     | 11570 ||| ENCHANTING +0 cloak.
 11605 | D:11     | Found a staircase to the Lair.
 11609 | D:11     | 11609 ||| INVOKING Berserk.
 11631 | D:11     | Reached skill level 3 in Dodging
 11844 | D:11     | Noticed a four-headed hydra
 11845 | D:11     | 11845 ||| INVOKING Brothers in Arms.
 11847 | D:11     | 11847 ||| SWAPPING to +2 flail of protection.
 11849 | D:11     | 11849 ||| INVOKING Berserk.
 11853 | D:11     | Killed a four-headed hydra
 11880 | D:11     | 11880 ||| SWAPPING to +0 war axe.
 12032 | D:11     | Noticed a two-headed ogre
 12033 | D:11     | 12033 ||| INVOKING Berserk.
 12037 | D:11     | Killed a two-headed ogre
 12152 | D:11     | 12152 ||| Stepping ~*~*~tactically~*~*~ (hiding).
 12261 | D:11     | Noticed a centaur warrior
 12261 | D:11     | Noticed a two-headed ogre
 12266 | D:11     | 12266 ||| INVOKING Berserk.
 12271 | D:11     | Killed a centaur warrior
 12274 | D:11     | Killed a two-headed ogre
 12275 | D:11     | Reached skill level 15 in Axes
 12429 | D:11     | Noticed a deep elf knight
 12429 | D:11     | Found the +0 pair of fencer's gloves {Riposte Dex+3}
 12430 | D:11     | Noticed a yaktaur captain
 12437 | D:11     | Killed a deep elf knight
 12438 | D:11     | Reached XP level 12. HP: 76/103 MP: 11/11
 12441 | D:11     | Killed a yaktaur captain
 12442 | D:11     | Reached skill level 9 in Fighting
 12565 | D:11     | Noticed a two-headed ogre
 12571 | D:11     | Killed a two-headed ogre
 12732 | D:11     | Reached skill level 14 in Shields
 12802 | D:11     | 12802 ||| Stepping ~*~*~tactically~*~*~ (hiding).
 12806 | D:11     | 12806 ||| INVOKING Berserk.
 12948 | D:11     | 12948 ||| PLANNING LAIR
 12948 | D:11     | 12948 ||| DROPPING ring of flight.
 12949 | D:11     | 12949 ||| UPGRADING to ring of poison resistance.
 12951 | D:11     | 12951 ||| UPGRADING to ring of protection from fire.
 12981 | Lair:1   | Entered Level 1 of the Lair of Beasts
 13025 | Lair:1   | 13025 ||| Stepping ~*~*~tactically~*~*~ (stealth).
 13027 | Lair:1   | 13027 ||| Stepping ~*~*~tactically~*~*~ (stealth).
 13035 | Lair:1   | Noticed a catoblepas
 13038 | Lair:1   | 13038 ||| INVOKING Berserk.
 13047 | Lair:1   | Killed a catoblepas
 13402 | Lair:1   | Noticed a death yak
 13404 | Lair:1   | Noticed a death yak
 13406 | Lair:1   | 13406 ||| INVOKING Berserk.
 13408 | Lair:1   | Noticed a death yak
 13413 | Lair:1   | Killed a death yak
 13414 | Lair:1   | Reached skill level 9 in Armour
 13417 | Lair:1   | Killed a death yak
 13424 | Lair:1   | Killed a death yak
 13875 | Lair:1   | 13875 ||| Stepping ~*~*~tactically~*~*~ (stealth).
 13877 | Lair:1   | 13877 ||| INVOKING Berserk.
 13888 | Lair:1   | Reached skill level 15 in Shields
 14486 | Lair:2   | Identified the +8 hand axe "Fuunkioff" {vorpal, Fly}
 14488 | Lair:2   | 14488 ||| DROPPING +8 hand axe "Fuunkioff" {vorpal, Fly}.
 14637 | Lair:2   | 14637 ||| Stepping ~*~*~tactically~*~*~ (hiding).
 14641 | Lair:2   | 14641 ||| INVOKING Berserk.
 14766 | Lair:2   | 14766 ||| Stepping ~*~*~tactically~*~*~ (hiding).
 14769 | Lair:2   | 14769 ||| INVOKING Berserk.
 14893 | Lair:2   | 14893 ||| Stepping ~*~*~tactically~*~*~ (hiding).
 14894 | Lair:2   | 14894 ||| Stepping ~*~*~tactically~*~*~ (hiding).
 15089 | Lair:2   | Found a staircase to the Swamp.
 15092 | Lair:2   | 15092 ||| INVOKING Berserk.
 15098 | Lair:2   | Reached XP level 13. HP: 113/113 MP: 12/12
 15388 | Lair:2   | 15388 ||| Stepping ~*~*~tactically~*~*~ (hiding).
 15393 | Lair:2   | Noticed Urug
 15397 | Lair:2   | 15397 ||| INVOKING Berserk.
 15408 | Lair:2   | Killed Urug
 15547 | Lair:2   | 15547 ||| Stepping ~*~*~tactically~*~*~ (stealth).
 15549 | Lair:2   | 15549 ||| Stepping ~*~*~tactically~*~*~ (stealth).
 15564 | Lair:2   | Reached skill level 3 in Throwing
 15952 | Lair:3   | 15952 ||| INVOKING Brothers in Arms.
 15955 | Lair:3   | Found a hole to the Spider Nest.
 16061 | Lair:3   | 16061 ||| Stepping ~*~*~tactically~*~*~ (stealth).
 16067 | Lair:3   | 16067 ||| INVOKING Berserk.
 16116 | Lair:3   | HP: 26/116 [boulder beetle (39)]
 16117 | Lair:3   | 16117 ||| READING 4 scrolls of teleportation.
 16118 | Lair:3   | 16118 ||| DRINKING 7 potions of heal wounds.
 16124 | Lair:3   | 16124 ||| INVOKING Berserk.
 16152 | Lair:3   | Reached skill level 16 in Shields
 16160 | Lair:3   | 16160 ||| INVOKING Berserk.
 16375 | Lair:3   | 16375 ||| INVOKING Berserk.
 16662 | Lair:3   | 16662 ||| INVOKING Berserk.
 16823 | Lair:3   | 16823 ||| INVOKING Berserk.
 17186 | Lair:3   | 17186 ||| DROPPING scarf of harm.
 17187 | Lair:3   | 17187 ||| DROPPING amulet of faith.
 17188 | Lair:3   | 17188 ||| READING scroll labelled UTUILEY XOGH.
 17189 | Lair:3   | 17189 ||| READING 3 scrolls of identify.
 17189 | Lair:3   | 17189 ||| IDENTIFYING white potion
 17190 | Lair:3   | 17190 ||| READING 2 scrolls of identify.
 17190 | Lair:3   | 17190 ||| IDENTIFYING bubbling sapphire potion
 17191 | Lair:3   | 17191 ||| DROPPING potion of flight.
 17216 | Lair:4   | 17216 ||| Stepping ~*~*~tactically~*~*~ (stealth).
 17220 | Lair:4   | 17220 ||| INVOKING Berserk.
 17232 | Lair:4   | 17232 ||| Stepping ~*~*~tactically~*~*~ (hiding).
 17239 | Lair:4   | 17239 ||| Stepping ~*~*~tactically~*~*~ (stealth).
 17240 | Lair:4   | 17240 ||| Stepping ~*~*~tactically~*~*~ (stealth).
 17249 | Lair:4   | HP: 22/116 [tyrant leech (10)]
 17250 | Lair:4   | 17250 ||| READING 3 scrolls of teleportation.
 17251 | Lair:4   | 17251 ||| DRINKING 6 potions of heal wounds.
 17253 | Lair:4   | HP: 9/116 [tyrant leech (24)]
 17254 | Lair:4   | 17254 ||| DRINKING 5 potions of heal wounds.
 17255 | Lair:4   | 17255 ||| DRINKING 4 potions of heal wounds.
 17532 | Lair:4   | 17532 ||| READING scroll of enchant weapon.
 17532 | Lair:4   | 17532 ||| ENCHANTING +1 war axe.
 17539 | Lair:4   | 17539 ||| Stepping ~*~*~tactically~*~*~ (stealth).
 17621 | Lair:4   | 17621 ||| Stepping ~*~*~tactically~*~*~ (stealth).
 17623 | Lair:4   | 17623 ||| INVOKING Berserk.
 17740 | Lair:4   | 17740 ||| Stepping ~*~*~tactically~*~*~ (hiding).
 17742 | Lair:4   | 17742 ||| Stepping ~*~*~tactically~*~*~ (hiding).
 17746 | Lair:4   | 17746 ||| INVOKING Berserk.
 17870 | Lair:4   | 17870 ||| INVOKING Berserk.
 17900 | Lair:4   | 17900 ||| INVOKING Brothers in Arms.
 17901 | Lair:4   | 17901 ||| SWAPPING to +2 flail of protection.
 17903 | Lair:4   | 17903 ||| SWAPPING to +2 war axe.
 17928 | Lair:4   | 17928 ||| INVOKING Berserk.
 17935 | Lair:4   | Reached skill level 12 in Fighting
 17957 | Lair:4   | HP: 28/118 [elephant (9)]
 17958 | Lair:4   | 17958 ||| READING 2 scrolls of teleportation.
 17959 | Lair:4   | 17959 ||| DRINKING 3 potions of heal wounds.
 18027 | Lair:4   | 18027 ||| Stepping ~*~*~tactically~*~*~ (stealth).
 18298 | Lair:4   | 18298 ||| INVOKING Berserk.
 18322 | Lair:4   | 18322 ||| FLEEEEING.
 18323 | Lair:4   | 18323 ||| FLEEEEING.
 18324 | Lair:4   | 18324 ||| FLEEEEING.
 18325 | Lair:4   | 18325 ||| STAIRDANCE
 18384 | Lair:3   | 18384 ||| READING scroll labelled DEBUWN QOWAA.
 18391 | Lair:4   | 18391 ||| INVOKING Berserk.
 18401 | Lair:4   | 18401 ||| STAIRDANCE
 18770 | Lair:4   | Found a staircase to the Slime Pits.
 18941 | Lair:4   | 18941 ||| DROPPING +2 flail of protection.
 18942 | Lair:4   | 18942 ||| READING 3 scrolls of identify.
 18942 | Lair:4   | 18942 ||| IDENTIFYING glowing amethyst potion
 18943 | Lair:4   | 18943 ||| READING 2 scrolls of identify.
 18943 | Lair:4   | 18943 ||| IDENTIFYING dark potion
 18944 | Lair:4   | 18944 ||| DROPPING potion of ambrosia.
 18976 | Lair:5   | Entered Level 5 of the Lair of Beasts
 18979 | Lair:5   | 18979 ||| STAIRDANCE
 18995 | Lair:5   | 18995 ||| STAIRDANCE
 19057 | Lair:5   | 19057 ||| STAIRDANCE
 19134 | Lair:5   | 19134 ||| Stepping ~*~*~tactically~*~*~ (stealth).
 19136 | Lair:5   | 19136 ||| Stepping ~*~*~tactically~*~*~ (stealth).
 19138 | Lair:5   | 19138 ||| Stepping ~*~*~tactically~*~*~ (stealth).
 19141 | Lair:5   | 19141 ||| Stepping ~*~*~tactically~*~*~ (stealth).
 19146 | Lair:5   | 19146 ||| Stepping ~*~*~tactically~*~*~ (stealth).
 19171 | Lair:5   | 19171 ||| Stepping ~*~*~tactically~*~*~ (stealth).
 19174 | Lair:5   | 19174 ||| INVOKING Berserk.
 19299 | Lair:5   | Reached skill level 17 in Shields
 19312 | Lair:5   | 19312 ||| Stepping ~*~*~tactically~*~*~ (stealth).
 19319 | Lair:5   | 19319 ||| Stepping ~*~*~tactically~*~*~ (stealth).
 19343 | Lair:5   | 19343 ||| Stepping ~*~*~tactically~*~*~ (stealth).
 19345 | Lair:5   | 19345 ||| INVOKING Brothers in Arms.
 19346 | Lair:5   | 19346 ||| SWAPPING to +1 demon whip of venom.
 19347 | Lair:5   | 19347 ||| Stepping ~*~*~tactically~*~*~ (outnumbered).
 19348 | Lair:5   | 19348 ||| INVOKING Berserk.
 19352 | Lair:5   | Reached XP level 14. HP: 126/126 MP: 13/13
 19377 | Lair:5   | 19377 ||| SWAPPING to +2 war axe.
 19584 | Lair:5   | 19584 ||| READING scroll of enchant armour.
 19584 | Lair:5   | 19584 ||| ENCHANTING +1 cloak.
 19589 | Lair:5   | Noticed Sonja
 19592 | Abyss:2  | Cast into level 2 of the Abyss (Sonja)
 19597 | Abyss:2  | Found a corrupted altar of Lugonu.
 19606 | Lair:5   | Escaped the Abyss
 19621 | Abyss:2  | Cast into level 2 of the Abyss (Sonja)
 19622 | Abyss:2  | 19622 ||| INVOKING Trog's Hand.
 19651 | Abyss:2  | 19651 ||| Stepping ~*~*~tactically~*~*~ (stealth).
 19655 | Abyss:2  | 19655 ||| Stepping ~*~*~tactically~*~*~ (stealth).
 19656 | Abyss:2  | 19656 ||| Stepping ~*~*~tactically~*~*~ (stealth).
 19677 | Abyss:2  | Noticed a starcursed mass
 19684 | Abyss:2  | Reached skill level 12 in Armour
 19684 | Abyss:2  | 19684 ||| Stepping ~*~*~tactically~*~*~ (hiding).
 19708 | Abyss:2  | 19708 ||| INVOKING Trog's Hand.
 19714 | Abyss:2  | Noticed a starcursed mass
 19714 | Abyss:2  | 19714 ||| Stepping ~*~*~tactically~*~*~ (stealth).
 19719 | Abyss:2  | 19719 ||| Stepping ~*~*~tactically~*~*~ (stealth).
 19754 | Abyss:2  | 19754 ||| Stepping ~*~*~tactically~*~*~ (stealth).
 19755 | Abyss:2  | 19755 ||| Stepping ~*~*~tactically~*~*~ (stealth).
 19756 | Abyss:2  | 19756 ||| Stepping ~*~*~tactically~*~*~ (stealth).
 19782 | Abyss:2  | 19782 ||| Stepping ~*~*~tactically~*~*~ (hiding).
 19800 | Abyss:2  | 19800 ||| INVOKING Trog's Hand.
 19811 | Abyss:2  | 19811 ||| Stepping ~*~*~tactically~*~*~ (stealth).
 19813 | Abyss:2  | 19813 ||| Stepping ~*~*~tactically~*~*~ (stealth).
 19814 | Abyss:2  | 19814 ||| Stepping ~*~*~tactically~*~*~ (stealth).
 19823 | Abyss:2  | 19823 ||| Stepping ~*~*~tactically~*~*~ (stealth).
 19824 | Abyss:2  | 19824 ||| Stepping ~*~*~tactically~*~*~ (stealth).
 19831 | Abyss:2  | 19831 ||| Stepping ~*~*~tactically~*~*~ (hiding).
 19834 | Abyss:2  | Lost intelligence.
 19839 | Abyss:2  | 19839 ||| INVOKING Berserk.
 19840 | Abyss:2  | HP: 33/151 [smoke demon/divine providence (8)]
 19849 | Abyss:2  | 19849 ||| DRINKING 2 potions of heal wounds.
 19851 | Abyss:2  | 19851 ||| INVOKING Trog's Hand.
 19876 | Abyss:2  | 19876 ||| INVOKING Trog's Hand.
 19881 | Abyss:2  | 19881 ||| Stepping ~*~*~tactically~*~*~ (stealth).
 19882 | Abyss:2  | 19882 ||| Stepping ~*~*~tactically~*~*~ (stealth).
 19883 | Abyss:2  | 19883 ||| Stepping ~*~*~tactically~*~*~ (hiding).
 19906 | Abyss:2  | Noticed a cacodemon
 19913 | Abyss:2  | Killed a cacodemon
 19926 | Abyss:2  | 19926 ||| Stepping ~*~*~tactically~*~*~ (hiding).
 19927 | Abyss:2  | 19927 ||| Stepping ~*~*~tactically~*~*~ (hiding).
 19942 | Abyss:2  | HP: 30/129 [starcursed mass/accursed screaming (5)]
 19943 | Lair:5   | Escaped the Abyss
 19943 | Lair:5   | HP: 13/129 [Sonja/+1 dagger of distortion (17)]
 19944 | Lair:5   | 19944 ||| DRINKING potion of heal wounds.
 19945 | Lair:5   | HP: 2/129 [starcursed mass/accursed screaming (8)]
 19946 | Lair:5   | Slain by Sonja

Levels and vault maps discovered:
D:1:      evilmike_arrival_rings, layout_loops_ring,
          dreamdust_ecumenical_altar_angels_and_demons
D:2:      layout_basic, basic_altar
D:3:      layout_rooms
D:4:      layout_cave_pools
D:5:      layout_layer_cave, tso_metal_star,
          chequers_temple_overflow_minitemple, eino_tiny_chamber, uniq_grinder,
          uniq_menkaure
D:6:      layout_loops_ring, minmay_temple_entry_gardened_gates, serial_shops,
          nicolae_diamond_shop, gammafunk_ghost_grave,
          minmay_misc_feat_nine_boxes, minmay_misc_feat_roman,
          serial_park_tiny_2, uniq_edmund, uniq_crazy_yiuf_cottage
D:7:      layout_basic, kennysheep_mini_moat, grunt_dithmenos_smoke_and_mirrors,
          lemuel_round_altar, nicolae_titane
D:8:      layout_basic, mainiacjoe_overflow_chevrons,
          nicolae_sif_muna_condensation, serial_ice, serial_ice_h, serial_ice_b,
          serial_ice_j, serial_ice_m
D:9:      layout_basic, mainiacjoe_overflow_concentric_impassable, david_orc_4,
          gammafunk_ghost_cemetery, minmay_misc_feat_columns, uniq_maggie
D:10:     layout_loops_ring, mainiacjoe_overflow_small_starburst,
          grunt_gozag_breadcrumbs, fedhas_altar_1
D:11:     minmay_the_grid_plus_closed [minmay_the_grid_gridbox,
          minmay_the_grid_mess, minmay_the_grid_stretched_grid,
          minmay_the_grid_embedded, minmay_the_grid_prize_diamond_cup],
          layout_rooms, due_lair_maze_entry_diamond
Lair:1:   layout_loops_ring, grunt_megastairs_2
Lair:2:   layout_hall_layers, nicolae_swamp_entry_splash_gauntlet,
          grunt_megastairs_1, lemuel_fruit_fields, uniq_urug
Lair:3:   layout_misc_corridors, nicolae_spider_entry_non_spiders,
          nicolae_volcano_entry_s_turn
Lair:4:   layout_concentric_octagons, slime_entry_1, worms_lemuel,
          grunt_megastairs_3
Lair:5:   minmay_lair_end_enchanted_forest, layout_regular_city,
          grunt_megastairs_4, uniq_josephine, uniq_sonja

Skill      XL: |  1  2  3  4  5  6  7  8  9 10 11 12 13 14 |
---------------+-------------------------------------------+-----
Axes           | 4 6 7 10 11 13 15 16 | 16.1
Shields        | 1 3 6 11 12 13 15 17 | 17.5
Throwing       | 1 2 5 |  5.0
Fighting       | 4 5 6 7 8 10 12 13 | 13.0
Armour         | 4 5 7 8 10 11 12 | 12.0
Dodging        | 3 4 5 |  5.0

Action                   |  1- 3 |  4- 6 |  7- 9 | 10-12 | 13-15 || total
-------------------------+-------+-------+-------+-------+-------++-------
Melee: Hand axe          |    92 |       |       |       |       ||    92
       Headbutt          |    12 |     5 |    26 |   119 |   120 ||   282
       War axe           |    13 |    35 |   164 |   447 |   455 ||  1114
       Flail             |       |       |       |     4 |     1 ||     5
       Demon whip        |       |       |       |       |     5 ||     5
Throw: Boomerang         |    15 |    30 |    41 |    49 |    32 ||   167
       Javelin           |       |       |       |       |    59 ||    59
Invok: Berserk           |       |     2 |    11 |    21 |    17 ||    51
       Trog's Hand       |       |       |     1 |       |     5 ||     6
       Brothers in Arms  |       |       |       |     1 |     3 ||     4
  Use: Potion            |     2 |     1 |     2 |       |     7 ||    12
       Scroll            |     4 |     6 |     4 |     8 |    11 ||    33
Armor: Animal skin       |    16 |       |       |       |       ||    16
       Ring mail         |    11 |     7 |     4 |       |       ||    22
       Plate armour      |       |       |    59 |   128 |   214 ||   401
       Chain mail        |       |       |     6 |       |       ||     6
Dodge: Dodged            |    30 |    22 |    33 |    41 |    67 ||   193
Block: Buckler           |     5 |    16 |    17 |       |       ||    38
       Reflection        |       |       |     7 |    19 |    14 ||    40
       Tower shield      |       |       |   126 |   425 |   451 ||  1002

Table legend:
 A = Non-vault XP
 B = Vault XP
 C = Vault XP percentage of total XP
 D = Non-vault monster count
 E = Vault monster count
 F = Vault count percentage of total count
                 A         B        C        D         E       F
            +---------+---------+-------+---------+---------+-------
      Total |   56124 |   19489 |  25.8 |     303 |      89 |  22.7
            +---------+---------+-------+---------+---------+-------
        D:1 |      33 |       0 |   0.0 |      20 |       0 |   0.0
        D:2 |      24 |       0 |   0.0 |      15 |       0 |   0.0
        D:3 |      81 |       0 |   0.0 |      12 |       0 |   0.0
        D:4 |     574 |       0 |   0.0 |      19 |       0 |   0.0
        D:5 |     474 |     444 |  48.4 |      15 |       2 |  11.8
        D:6 |     797 |     164 |  17.1 |      14 |       1 |   6.7
        D:7 |     958 |      11 |   1.1 |      15 |       1 |   6.2
        D:8 |     923 |    2231 |  70.7 |      14 |      15 |  51.7
        D:9 |    2086 |    1130 |  35.1 |      21 |      15 |  41.7
       D:10 |    3073 |       0 |   0.0 |      17 |       0 |   0.0
       D:11 |    5327 |    6955 |  56.6 |      15 |      23 |  60.5
     Lair:1 |   10880 |     189 |   1.7 |      28 |       1 |   3.4
     Lair:2 |    2283 |    2395 |  51.2 |       9 |       7 |  43.8
     Lair:3 |    6686 |     272 |   3.9 |      21 |       8 |  27.6
     Lair:4 |    7147 |    4709 |  39.7 |      25 |      14 |  35.9
     Lair:5 |    5551 |     989 |  15.1 |      16 |       2 |  11.1
    Abyss:2 |    9227 |       0 |   0.0 |      27 |       0 |   0.0
            +---------+---------+-------+---------+---------+-------
